 Dungeon Crawl Stone Soup version 0.31-a0-596-g831eee08f1 (webtiles) character file.

Game seed: 15518170996480079113

3689 jlumianski the Nimble (level 10, -2/62 HPs)
             Began as a Djinni Fire Elementalist on Aug 21, 2023.
             Was a Follower of Hepliaklqana.
             Slain by an orc warlord
             ... wielding a +5 battleaxe
              (13 damage)
             ... in a bailey.
             The game lasted 00:50:40 (7388 turns).

jlumianski the Nimble (Djinni Fire Elementalist)    Turns: 7388, Time: 00:50:40

Health: -2/62      AC: 13    Str:  7    XL:     10   Next: 35%
Gold:   597        EV: 15    Int: 25    God:    Hepliaklqana [*.....] SH:  0 Dex: 15

rFire   + + .        g - +3 short sword
rCold   x . .        (no shield)
rNeg    + . .        U - +3 leather armour
rPois   ∞            k - +3 hat of Pondering {ponderous, Will+ MP+10 Int+5}
rElec   .            v - scarf {repulsion}
rCorr   .            (no gloves)
SInv    .            (boots unavailable)
Will    ++...        (no amulet)
Stlth   +++          s - +4 ring of protection
HPRegen 0.30/turn    M - ring of positive energy
MPRegen 0.00/turn

%: repel missiles, infuse magic (-3 HP)
@: flying, slow
A: reduced essence, sickness immunity, fire resistance 2, cold vulnerability 1,
float, innate caster, HP casting, extra vitality 1
a: Renounce Religion, Recall Ancestor, Ancestor Identity


You were in a bailey.
You worshipped Hepliaklqana.
Hepliaklqana was aware of your devotion.
You visited 2 branches of the dungeon, and saw 10 of its levels.
You also visited: Bailey.

You collected 597 gold pieces.

Inventory:

Hand Weapons
 d - a +0 dagger
 g - a +3 short sword (weapon)
 m - a +0 sling of freezing
 r - the +0 short sword of Fimbulwinter {holy, rC+ rN+ Int+2}
   (You found it on level 2 of the Dungeon)

   Int+2:     It affects your intelligence (+2).
   rC+:       It protects you from cold.
   rN+:       It protects you from negative energy.
 u - a +0 dagger of draining
 w - the +5 sling of Disintegration {freeze, Fragile +Blink rC+++ Str-4}
   (You found it on level 4 of the Dungeon)

   Str-4:     It affects your strength (-4).
   rC+++:     It renders you almost immune to cold.
   +Blink:    It lets you blink.
   Fragile:   It will be destroyed if unequipped.
 L - a +1 trident of flaming
 Q - a +0 broad axe
Missiles
 o - 4 poisoned darts
 t - a throwing net
 y - 2 silver javelins
 P - 12 boomerangs
Armour
 a - a +1 robe
 k - the +3 hat of Pondering (worn) {ponderous, Will+ MP+10 Int+5}
   (You found it on level 2 of the Dungeon)

   Int+5:     It affects your intelligence (+5).
   Will+:     It increases your willpower.
   MP+10:     It affects your magic capacity (+10).
 v - a scarf of repulsion (worn)
 B - the +1 robe of Rykel {rElec}
   (You found it on level 6 of the Dungeon)

   rElec:     It insulates you from electricity.
 O - +0 steam dragon scales
 U - a +3 leather armour (worn)
Magical Staves
 D - a staff of air
Jewellery
 s - a +4 ring of protection (left hand)
 M - a ring of positive energy (right hand)
Talismans
 C - a serpent talisman
Wands
 H - a wand of iceblast (8)
 N - a wand of acid (4)
Scrolls
 e - a scroll of poison
 f - 2 scrolls of enchant weapon
 h - a scroll of amnesia
 l - 2 scrolls of vulnerability
 p - a scroll of enchant armour
 q - 3 scrolls of fear
 F - a scroll of teleportation {unknown}
 G - 2 scrolls of fog {unknown}
 I - a scroll of immolation
 K - a scroll of identify
 R - a scroll of blinking {unknown}
 T - a scroll of butterflies {unknown}
Potions
 b - 4 potions of mutation
 c - 2 potions of degeneration
 i - 2 potions of heal wounds {unknown}
 j - a potion of brilliance
 n - 2 potions of might
 x - a potion of enlightenment {unknown}
 z - a potion of lignification {unknown}
 A - a potion of attraction
 E - a potion of curing
 J - a potion of resistance {unknown}
 S - a potion of cancellation {unknown}


   Skills:
 + Level 4.8 Fighting
 + Level 4.6 Short Blades
 + Level 8.0 Dodging
 + Level 5.8 Stealth
 - Level 6.5 Spellcasting
 - Level 6.5 Conjurations
 - Level 6.5 Hexes
 - Level 6.5 Summonings
 - Level 6.5 Necromancy
 - Level 6.5 Translocations
 - Level 6.5 Transmutations
 - Level 6.5 Fire Magic
 - Level 6.5 Ice Magic
 - Level 6.5 Air Magic
 - Level 6.5 Earth Magic
 - Level 6.5 Poison Magic
 + Level 0.7 Evocations


You knew the following spells:

 Your Spells              Type           Power      Damage    Failure   Level
a - Foxfire               Conj/Fire      100%       2x1d9     1%          1
b - Scorch                Fire           80%        2d8       1%          2
c - Volatile Blastmotes   Fire/Tloc      80%        2d16      2%          3
d - Inner Flame           Hex/Fire       40%        N/A       2%          3
e - Flame Wave            Conj/Fire      40%        2d11      8%          4
f - Apportation           Tloc           80%        N/A       1%          1
g - Searing Ray           Conj           80%        2d7       1%          2
h - Vhi's Electric Charg  Tloc/Air       80%        N/A       2%          3
i - Iskenderun's Mystic   Conj/Tloc      40%        2d9       8%          4
Your spell library was empty.

Dungeon Overview and Level Annotations

Branches:
Dungeon (9/15)             Temple (1/1) D:5          Bailey (1/1)
   Lair: D:8-11         Orc: D:9-12

Altars:
Ashenzari
Cheibriados
Fedhas
Gozag
Hepliaklqana
Makhleb
Nemelex Xobeh
Ru
Trog
Uskayaw
Xom
Zin
The Shining One


Innate Abilities, Weirdness & Mutations

Your life essence is reduced to manifest your ancestor. (-10% HP)
You are immune to sickness and miasma.
You are immune to poison.
Your flesh is very heat resistant. (rF++)
You are vulnerable to cold. (rC-)
You float through the air rather than walking.
You learn spells naturally, not from books.
Your magical power is your life essence.
You have superior vitality. (+4 MHP)


Message History

The cloud of blastmotes explodes!
The concussive blast engulfs the orc warlord.
The orc warlord is lightly wounded.
Casting: Volatile Blastmotes (dangerous; 2% risk of failure)
Confirm with . or Enter, or press ? or * to list all spells.
Flames lash the orc warlord.
The orc warlord is lightly wounded.
The orc warlord's fire resistance burns away.
The cloud of blastmotes explodes!
The concussive blast engulfs the orc warlord!!
The orc warlord is burned terribly!
The orc warlord is moderately wounded.
The concussive blast engulfs you. You resist.
You are knocked back by the blast.
Aiming: Corrosive Bolt
Press: ? - help, Shift-Dir - straight line, f - orc warlord
Aim: an orc warlord, wielding a +5 battleaxe and wearing a +0 chain mail (moderately wounded, more vulnerable to fire, ally target, 79% to hit)
The bolt of acid hits the orc warlord!
The acid corrodes the orc warlord!
The orc warlord is moderately wounded.
Casting: Scorch (safe; 1% risk of failure)
Confirm with . or Enter, or press ? or * to list all spells.
Flames lash the orc warlord.
The orc warlord is burned terribly!
The orc warlord is heavily wounded.
The orc warlord hits you with a +5 battleaxe!!
Ouch! That really hurt!
* * * LOW HITPOINT WARNING * * *
The orc warlord hits Senakhtenre with a +5 battleaxe!!
Senakhtenre is destroyed!
Okay, then.
Unknown command.
Okay, then.
Unknown command.
Unknown command.
Okay, then.
Casting: Scorch (safe; 1% risk of failure)
Confirm with . or Enter, or press ? or * to list all spells.
A cloud of volatile blastmotes flares up around you!
* * * LOW HITPOINT WARNING * * *
The orc warlord hits you with a +5 battleaxe!
You die...

..#o?........~#....##
..##8.8...8.8~##.))#
...#.........~~'...#
...#....∩.)..~§'...#
...#.........~~'...#
†.##8.8...8.8~##...#
..#~!........~#..).##
).#~}.....~#~~#.o...##
..##~~~#~~~####.@....##
...#########.)....8...#
8....'.....'.[........#
.....#~~~~~#)....)....#
.....#~~~~~#...8..8..##
8...##~~~~~##.......##
...##.......##.....##
..##.........##...##
###♣♣♣.....♣♣♣#####


You could see an orc warlord (combustible, corroded).

Vanquished Creatures
  2 trolls (D:9)
  A water moccasin (D:7)
  3 orc warriors (Bailey)
  2 black bears
  A sky beast (D:7)
  2 ogres
  2 centaurs
  A gnoll sergeant (D:9)
  3 bullfrogs
  2 scorpions
  3 wights (D:7)
  14 killer bees
  An electric eel (D:6)
  3 howler monkeys
  2 orc priests (D:3)
  A gnoll bouda (D:7)
  4 iguanas
  3 sleepcaps
  Jessica (D:2)
  An orc wizard (D:3)
  A mummy (D:8)
  18 gnolls
  5 adders
  A shadow imp (D:7)
  3 white imps
  An ufetubus (D:5)
  A worm (D:2)
  2 dart slugs
  17 orcs
  10 ball pythons
  3 bats
  7 endoplasms
  5 giant cockroaches
  12 goblins
  5 hobgoblins
  A jackal (D:4)
  A quokka (D:1)
  A frilled lizard (D:2)
  14 kobolds
  5 rats
165 creatures vanquished.

Vanquished Creatures (collateral kills)
  A steam dragon (D:7)
  A gnoll sergeant (D:8)
  A killer bee (D:9)
  An orc (Bailey)
  A hobgoblin (Bailey)
  6 kobolds (Bailey)
11 creatures vanquished.

Vanquished Creatures (others)
  7 ancestors
  344 foxfires
351 creatures vanquished.

Grand Total: 527 creatures vanquished

Notes
Turn   | Place    | Note
-------+----------+-------------------------------------------
     0 | D:1      | jlumianski the Djinni Fire Elementalist began the quest for
                  | the Orb.
     0 | D:1      | jlumianski set off with the following spells memorised:
                  | Foxfire, Scorch, Volatile Blastmotes, Inner Flame, Flame
                  | Wave.
     0 | D:1      | Reached XP level 1. HP: 15/15 MP: 0/0
   120 | D:1      | Reached XP level 2. HP: 18/21 MP: 0/0
   357 | D:2      | Found the +3 hat of Pondering {ponderous, Will+ MP+10
                  | Int+5}
   387 | D:2      | Reached XP level 3. HP: 23/25 MP: 0/0
   387 | D:2      | Learned a level 1 spell: Apportation
   692 | D:3      | Found a sparkling altar of Nemelex Xobeh.
   919 | D:2      | Noticed Jessica
   920 | D:2      | Killed Jessica
   921 | D:2      | Reached skill level 3 in Dodging
   921 | D:2      | Reached XP level 4. HP: 29/31 MP: 0/0
  1043 | D:2      | Identified the +0 short sword of Fimbulwinter {holy, rC+
                  | rN+ Int+2}
  1385 | D:2      | Reached XP level 5. HP: 29/35 MP: 0/0
  1385 | D:2      | Learned a level 2 spell: Searing Ray
  1444 | D:3      | Reached skill level 1 in Short Blades
  1524 | D:5      | Entered Level 5 of the Dungeon
  1708 | D:3      | HP: 1/36 [orc priest/divine providence (12)]
  1919 | D:3      | Reached XP level 6. HP: 40/41 MP: 0/0
  2034 | D:3      | Found a sacrificial altar of Ru.
  2473 | D:4      | Identified the +5 sling of Disintegration {freeze, Fragile
                  | +Blink rC+++ Str-4}
  2563 | D:4      | You are sucked into a shaft and drop 3 floors!
  2694 | D:6      | Identified the +1 robe of Rykel {rElec}
  2810 | D:4      | Noticed an ogre
  2843 | D:4      | Killed an ogre
  2844 | D:4      | Reached skill level 1 in Fighting
  2844 | D:4      | Reached XP level 7. HP: 5/47 MP: 0/0
  2844 | D:4      | Learned a level 3 spell: Vhi's Electric Charge
  4268 | D:6      | Found a glowing golden altar of the Shining One.
  4405 | D:5      | Found a staircase to the Ecumenical Temple.
  4413 | Temple   | Entered the Ecumenical Temple
  4420 | Temple   | Became a worshipper of Hepliaklqana the Forgotten
  4442 | D:5      | Reached skill level 5 in Spellcasting
  4442 | D:5      | Reached skill level 5 in Conjurations
  4442 | D:5      | Reached skill level 5 in Hexes
  4442 | D:5      | Reached skill level 5 in Summonings
  4442 | D:5      | Reached skill level 5 in Necromancy
  4442 | D:5      | Reached skill level 5 in Translocations
  4442 | D:5      | Reached skill level 5 in Transmutations
  4442 | D:5      | Reached skill level 5 in Fire Magic
  4442 | D:5      | Reached skill level 5 in Ice Magic
  4442 | D:5      | Reached skill level 5 in Air Magic
  4442 | D:5      | Reached skill level 5 in Earth Magic
  4442 | D:5      | Reached skill level 5 in Poison Magic
  4699 | D:5      | Found a bloodstained altar of Trog.
  4724 | D:5      | Reached XP level 8. HP: 15/54 MP: 0/0
  5493 | D:6      | Reached skill level 4 in Dodging
  5924 | D:7      | Reached XP level 9. HP: 49/59 MP: 0/0
  5924 | D:7      | Learned a level 4 spell: Iskenderun's Mystic Blast
  6118 | D:8      | Reached skill level 5 in Dodging
  6182 | D:7      | Reached * piety under Hepliaklqana
  6413 | D:8      | Reached skill level 6 in Dodging
  6458 | D:8      | Found a burning altar of Makhleb.
  6583 | D:8      | Found a snail-covered altar of Cheibriados.
  6725 | D:9      | Reached skill level 5 in Stealth
  6736 | D:9      | Reached skill level 7 in Dodging
  6736 | D:9      | Reached XP level 10. HP: 3/60 MP: 0/0
  6872 | D:9      | Found a flagged portal.
  6887 | Bailey   | Entered a bailey
  7088 | Bailey   | Noticed an orc warlord
  7172 | Bailey   | Found a runed translucent gate.
  7179 | Bailey   | Found a runed translucent gate.
  7180 | Bailey   | Found a runed translucent gate.
  7277 | Bailey   | Reached skill level 8 in Dodging
  7388 | Bailey   | Slain by an orc warlord

Illustrated notes

Levels and vault maps discovered:
D:1:      psy_arrival_basics, layout_basic
D:2:      layout_basic, uniq_jessica
D:3:      layout_rooms, lemuel_tele_altar, mainiacjoe_overflow_paths
D:4:      minmay_bubble_buster, layout_loops_ring, roderic_serpentine_path,
          roderic_roman_lattice, chequers_jeans
D:5:      layout_basic, trog_antimagical, minmay_temple_entry_slanted
D:6:      layout_rooms, kiku_gazebo_garden_becter,
          nicolae_sif_muna_little_library, tso_oasis_becter, kennysheep_dice
D:7:      layout_basic
D:8:      layout_gridville, lemuel_doored_altar, slow_altar_2,
          nicolae_overflow_hidden_temple, mainiacjoe_overflow_boulevard
D:9:      layout_loops_ring, enter_bailey_6, david_defended_altar_orc
Temple:   hellmonk_temple_micro_hex
Bailey:   bailey_axe_bossmonster_kennysheep, bailey

Skill      XL: |  1  2  3  4  5  6  7  8  9 10 |
---------------+-------------------------------+-----
Spellcasting   | 4 5 6 |  6.5
Conjurations   | 4 5 6 |  6.5
Hexes          | 4 5 6 |  6.5
Summonings     | 4 5 6 |  6.5
Necromancy     | 4 5 6 |  6.5
Translocations | 4 5 6 |  6.5
Transmutations | 4 5 6 |  6.5
Fire Magic     | 4 5 6 |  6.5
Ice Magic      | 4 5 6 |  6.5
Air Magic      | 4 5 6 |  6.5
Earth Magic    | 4 5 6 |  6.5
Poison Magic   | 4 5 6 |  6.5
Stealth        | 2 3 4 5 |  5.8
Dodging        | 3 4 7 8 |  8.0
Short Blades   | 1 2 4 |  4.6
Fighting       | 1 2 4 |  4.8
Evocations     | |  0.7

Action                     |  1- 3 |  4- 6 |  7- 9 | 10-12 || total
---------------------------+-------+-------+-------+-------++-------
  Melee: Short sword       |     6 |    53 |    60 |    22 ||   141
         Punch             |       |       |     2 |       ||     2
   Cast: Foxfire           |    35 |    55 |    83 |    17 ||   190
         Scorch            |     1 |    12 |    51 |     9 ||    73
         Volatile Blastmot |       |     7 |    13 |     9 ||    29
         Searing Ray       |       |     2 |       |       ||     2
         Inner Flame       |       |       |     4 |       ||     4
         Vhi's Electric Ch |       |       |     1 |       ||     1
         Iskenderun's Myst |       |       |     2 |       ||     2
         Flame Wave        |       |       |       |     2 ||     2
  Evoke: Wand              |       |       |       |     3 ||     3
    Use: Scroll            |       |     9 |     5 |       ||    14
         Potion            |       |     6 |     1 |       ||     7
   Stab: Sleeping          |     1 |     5 |     2 |       ||     8
         Distracted        |       |       |     2 |       ||     2
 Armour: Robe              |     4 |    18 |    45 |    15 ||    82
  Dodge: Dodged            |     9 |    53 |    98 |    37 ||   197
         Repelled          |       |       |     1 |     2 ||     3

Table legend: (Time is in decaauts)
 A = Elapsed time spent in this place.
 B = Non-inter-level travel time spent in this place.
 C = Inter-level travel time spent in this place.
 D = Time resting spent in this place.
 E = Time spent auto-exploring this place.
 F = Levels seen in this place.
 G = Mean time per level.
                   A        B        C        D        E       F      G
               +--------+--------+--------+--------+--------+-----+--------+
         Total |   7876 |   7776 |    100 |   1175 |   3479 |  11 |  716.0 |
       Dungeon |   7335 |   7235 |    100 |   1024 |   3479 |   9 |  815.0 |
        Temple |     16 |     16 |      0 |      0 |      0 |   1 |   16.0 |
        Bailey |    524 |    524 |      0 |    151 |      0 |   1 |  524.0 |
               +--------+--------+--------+--------+--------+-----+--------+

Top non-repeatable levels by time:
     D:4: 1685 daAuts
     D:5: 1187 daAuts
     D:2: 970 daAuts
     D:6: 898 daAuts
     D:3: 824 daAuts
     D:7: 645 daAuts
     D:1: 573 daAuts
  Bailey: 524 daAuts
     D:9: 279 daAuts
     D:8: 271 daAuts
  Temple: 16 daAuts
